 Dungeon Crawl Stone Soup version 0.20-a0-17-g69bea3c (webtiles) character file.

658 Alarkh the Grave Robber (level 7, 46/46 HPs)
             Began as a Mummy Necromancer on Oct 20, 2016.
             Was a Follower of Okawaru.
             Quit the game on level 4 of the Dungeon on Nov 5, 2016.
             The game lasted 00:07:01 (4344 turns).

Alarkh the Grave Robber (Mummy Necromancer)         Turns: 4344, Time: 00:07:02

Health: 46/46      AC:  3    Str: 11    XL:     7   Next: 29%
Magic:  15/15      EV: 12    Int: 16    God:    Okawaru [*.....]
Gold:   227        SH:  0    Dex: 13    Spells: 2 memorised, 13 levels left

rFire  x . .     SeeInvis .     p - +2 hand axe (vamp)
rCold  + . .     Gourm    .     a - +0 robe
rNeg   + + +     Faith    .     (no shield)
rPois  ∞         Spirit   .     (no helmet)
rElec  .         Reflect  .     r - +0 cloak
rCorr  .         Harm     .     (no gloves)
MR     .....                    (no boots)
Stlth  ++........               (no amulet)
                                (no ring)
                                (no ring)

@: no status effects
A: no food or potions, fire vulnerability, cold resistance 1, negative energy
resistance 3, torment resistance, unbreathing
a: Heroism, Renounce Religion


You were on level 4 of the Dungeon.
You worshipped Okawaru.
Okawaru was aware of your devotion.
You were not hungry.

You visited 2 branches of the dungeon, and saw 5 of its levels.

You collected 227 gold pieces.

Inventory:

Hand Weapons
 i - a +0 flail
 l - a +0 morningstar
 p - a +2 vampiric hand axe (weapon)
 s - a +4 quarterstaff of chaos
Armour
 a - a +0 robe (worn)
 c - a +0 cloak
 r - a +0 cloak (worn)
Wands
 g - a wand of digging (14/24)
Scrolls
 d - a scroll of teleportation
 e - a scroll of identify
 h - a scroll of magic mapping
 j - 2 scrolls of enchant armour
 k - a scroll of amnesia
 m - 2 scrolls of remove curse
 n - 2 scrolls of fear {unknown}
 o - a scroll of noise {unknown}
Books
 b - a book of Necromancy

   Spells                             Type                      Level
   a - Pain                           Necromancy                   1
   b - Animate Skeleton               Necromancy                   1
   c - Vampiric Draining              Necromancy                   3
   d - Regeneration                   Charms/Necromancy            3
   e - Animate Dead                   Necromancy                   4
   f - Control Undead                 Necromancy                   4
 f - a book of Cantrips

   Spells                             Type                      Level
   a - Confusing Touch                Hexes                        1
   b - Animate Skeleton               Necromancy                   1
   c - Summon Small Mammal            Summoning                    1
   d - Apportation                    Translocation                1
 q - a book of Changes

   Spells                             Type                      Level
   a - Beastly Appendage              Transmutation                1
   b - Sticks to Snakes               Transmutation                2
   c - Spider Form                    Transmutation/Poison         3
   d - Ice Form                       Ice/Transmutation            4
   e - Blade Hands                    Transmutation                5


   Skills:
 - Level 1.5 Dodging
 - Level 1.5 Stealth
 + Level 5.5 Spellcasting
 + Level 6.9 Necromancy


You had 13 spell levels left.
You knew the following spells:

 Your Spells              Type           Power        Failure   Level  Hunger
a - Pain                  Necr           ####         1%          1    N/A
b - Vampiric Draining     Necr           ####......   2%          3    N/A

Dungeon Overview and Level Annotations

Branches:
Dungeon (4/15)             Temple (1/1) D:4

Altars:
Ashenzari
Cheibriados
Dithmenos
Fedhas
Kikubaaqudgha
Nemelex Xobeh
Okawaru
Qazlal
Ru
Sif Muna
Trog
Uskayaw
Vehumet
Xom
Yredelemnul
Zin


Innate Abilities, Weirdness & Mutations

You do not eat or drink.
Your flesh is vulnerable to fire.
You are immune to poison.
Your flesh is cold resistant. (rC+)
You are immune to negative energy. (rN+++)
You are immune to unholy pain and torment.
You can survive without breathing.


Message History

You see here a hand axe.
There is a stone staircase leading down here.
You climb downwards.
There is a stone staircase leading up here.
Done exploring.
Done exploring.
Done exploring.
(D) Dungeon (T) Temple
Where to? (Enter - D:4, ? - help)
You see here a short sword of speed.
A phantom comes into view.
Saving game... please wait.
Welcome back, Alarkh the Mummy Necromancer.
Okawaru says: Bring me glory in combat!
Press ? for a list of commands and other information.
Saving game... please wait.
Welcome back, Alarkh the Mummy Necromancer.
Okawaru says: Bring me glory in combat!
Press ? for a list of commands and other information.
Are you sure you want to abandon this character and quit the game? (Confirm with "yes".)

######....!#>.............
#..........#.#.....#######
#.###.....##.#.....#
####.###........#...(.#
#...............#.....#
#.##.###........#.....#
#.##.###..####..#W....#
#.##......####.....##.#######
#.......)...@......##........
####^.....#.###....##########
#(....##.# #....'.......).
#####....# ##...##########
#....# #...# #..#.# #...#
##...# ##### #.#.# #)#.####
##


You could see a phantom (wandering).

Vanquished Creatures
  Duvessa (D:4)
  An ogre (D:4)
  Dowan (D:4)
  A howler monkey (D:4)
  Crazy Yiuf (D:3)
  An orc priest (D:4)
  An orc wizard (D:4)
  Jessica (D:3)
  3 worker ants (D:4)
  A hound skeleton (D:4)
  4 gnolls (D:4)
  5 adders
  A shadow imp (D:4)
  2 worms (D:3)
  4 dart slugs
  2 leopard geckos (D:2)
  7 orcs
  2 ball pythons (D:4)
  A giant cockroach (D:2)
  6 goblins
  7 hobgoblins
  8 jackals
  7 kobolds
  A quokka (D:3)
  5 bats
  3 frilled lizards
  7 rats
84 creatures vanquished.

Vanquished Creatures (others)
  A human (D:4)
1 creature vanquished.

Grand Total: 85 creatures vanquished

Notes
Turn   | Place    | Note
-------+----------+-------------------------------------------
     0 | D:1      | Alarkh the Mummy Necromancer began the quest for the Orb.
     0 | D:1      | Reached XP level 1. HP: 13/13 MP: 3/3
   201 | D:1      | Reached XP level 2. HP: 19/19 MP: 0/5
  1108 | D:2      | Reached XP level 3. HP: 24/24 MP: 5/7
  1114 | D:2      | Learned a level 3 spell: Vampiric Draining
  1629 | D:3      | Reached XP level 4. HP: 30/30 MP: 5/8
  1709 | D:3      | Noticed Jessica
  1834 | D:3      | Killed Jessica
  1834 | D:3      | Reached skill level 5 in Necromancy
  1891 | D:3      | Found a runed door.
  2438 | D:4      | Found a staircase to the Ecumenical Temple.
  2445 | D:4      | Reached XP level 5. HP: 35/35 MP: 2/10
  2452 | Temple   | Entered the Ecumenical Temple
  2670 | Temple   | Became a worshipper of Warmaster Okawaru
  2725 | D:4      | Noticed Dowan
  2728 | D:4      | Noticed Duvessa
  3177 | D:4      | Reached XP level 6. HP: 35/41 MP: 5/12
  3599 | D:4      | Killed Duvessa
  3599 | D:4      | Reached * piety under Okawaru
  3599 | D:4      | Reached skill level 6 in Necromancy
  3790 | D:4      | Killed Dowan
  3851 | D:4      | Reached skill level 5 in Spellcasting
  3936 | D:4      | Reached XP level 7. HP: 45/46 MP: 9/14
  4177 | D:4      | Found an ancient bone altar of Kikubaaqudgha.
  4178 | D:4      | Noticed a human
  4181 | D:4      | Killed a human
  4266 | D:3      | Noticed Crazy Yiuf
  4273 | D:3      | Killed Crazy Yiuf
  4344 | D:4      | Upgraded the game from 0.19-a0-1899-g2d93087 to 0.20-a0-9-g62d82d9
  4344 | D:4      | Upgraded the game from 0.20-a0-9-g62d82d9 to 0.20-a0-17-g69bea3c
  4344 | D:4      | Quit the game

Vault maps used:
D:1:      dpeg_arrival_tiny_a
D:2:      first_bread, minmay_heptomino_l4
D:3:      uniq_crazy_yiuf_cottage, uniq_jessica
D:4:      tgw_kikubaaqudgha, uniq_duvessa
Temple:   regret_index_temple_sphere_string

Skill      XL: |  1  2  3  4  5  6 |
---------------+-------------------+-----
Spellcasting   | 3 4 5 |  5.5
Necromancy     | 5 6 |  6.9
Dodging        | |  1.5
Stealth        | |  1.5

Action                   |  1- 3 |  4- 6 |  7- 9 || total
-------------------------+-------+-------+-------++-------
Melee: Unarmed           |    23 |       |       ||    23
       Flail             |       |     3 |       ||     3
       Morningstar       |       |    23 |       ||    23
       Hand axe          |       |       |     2 ||     2
 Cast: Pain              |    83 |   105 |    20 ||   208
       Vampiric Draining |       |     5 |       ||     5
  Use: Scroll            |     2 |     3 |     1 ||     6
Armor: Robe              |    10 |    10 |       ||    20
Dodge: Dodged            |    51 |    48 |     1 ||   100
